Map: Crête de Lerilak

Players

pitivier

  • Race: Zerg Zerg
  • League: Master

Dembski - Winner!

  • Race: Terran Terran
  • League: Diamond

VOD

Have the link to the VOD?

Description

Time

  • Played on: April 17, 2016, 1:22 p.m.
  • Length: 15:56
Show
View Real Time Build Order
Export as new Build Order

pitivier Zerg 

Build Orders: Hatch First 

Get SALT Encoding   

  12  0:00  Drone  
  13  0:13  Overlord  
  13  0:17  Drone  
  14  0:33  Drone x2  
  16  0:38  Drone  
  17  0:53  Hatchery  
  17  0:56  Drone  
  17  1:03  Drone  
  18  1:13  Spawning Pool  
  18  1:17  Extractor, Drone  
  17  1:21  Drone  
  18  1:31  Drone  
  19  1:40  Overlord  
  19  1:51  Drone  
  20  2:01  Queen  
  20  2:03  Zergling x2  
  23  2:11  Queen  
  23  2:13  Zergling x4  
  27  2:23  Drone  
  27  2:24  Drone  
  27  2:27  Extractor  
  28  2:35  Metabolic Boost  
  29  2:37  Overlord  
  29  2:42  Spore Crawler  
  28  2:51  Drone x4  
  30  2:52  Queen  
  34  3:00  Queen  
  36  3:11  Zergling x2  
  36  3:12  Zergling x12  
  43  3:31  Baneling Nest  
  42  3:35  Drone  
  42  3:36  Overlord x2  
  43  4:03  Zergling x6  
  43  4:04  Zergling x12  
  43  4:07  Hatchery  
  42  4:28  Zergling x10  
  42  4:29  Zergling x4  
  45  4:46  Zergling x2  
  45  4:47  Zergling x8  
  45  4:58  Spore Crawler  
  44  5:00  Spore Crawler  
  44  5:02  Zergling x6  
  44  5:03  Zergling x4  
  40  5:29  Zergling x16  
  45  5:36  Queen  
  46  5:43  Zergling x8  
  46  5:44  Zergling x2  
  48  5:52  Drone x2  
  48  5:53  Drone x3  
  48  5:55  Lair  
  50  6:13  Drone  
  50  6:14  Drone x6  
  51  6:39  Spore Crawler  
  50  6:41  Drone x3  
  50  6:42  Extractor, Drone x9  
  60  6:53  Extractor  
  55  6:54  Zergling x10  
  55  6:55  Extractor  
  55  7:00  Overseer  
  58  7:10  Zergling x2  
  58  7:11  Zergling x10  
  55  7:24  Zergling x6  
  55  7:25  Zergling x10  
  54  7:37  Queen x3, Spire  
  52  7:46  Zergling x2  
  52  7:47  Zergling x10  
  31  8:22  Spine Crawler  
  31  8:26  Zergling x2  
  31  8:27  Zergling x16  
  25  8:50  Mutalisk  
  25  8:51  Mutalisk x3  
  25  8:54  Drone  
  25  8:55  Drone x3  
  37  9:05  Drone x3  
  39  9:28  Baneling  
  39  9:29  Zergling x18  
  47  9:45  Zergling x2  
  40  9:46  Zergling x8  
  38  9:56  Zergling x10  
  37  10:08  Drone  
  37  10:09  Drone x3  
  37  10:12  Queen  
  42  10:19  Drone x5  
  47  10:28  Drone  
  47  10:30  Zergling x4  
  50  10:44  Mutalisk  
  50  10:48  Drone x2  
  50  10:49  Drone x3  
  57  10:51  Overlord x2  
  57  10:59  Overseer  
  57  11:01  Baneling  
  57  11:03  Zergling x2  
  58  11:06  Overlord  
  58  11:13  Baneling x3  
  58  11:16  Zergling x6  
  58  11:17  Zergling x6  
  64  11:22  Queen  
  59  11:44  Zergling x2  
  59  11:45  Zergling x18  
  69  11:47  Baneling x5  
  69  11:48  Baneling  
  67  11:59  Zergling x4  
  49  12:11  Zergling x2  
  49  12:12  Zergling x4  
  47  12:15  Overseer  
  47  12:17  Zergling x4  
  45  12:33  Queen  
  45  12:34  Queen x2  
  45  12:35  Zergling x12  
  57  12:44  Evolution Chamber x2  
  56  12:51  Spine Crawler  
  56  12:52  Spine Crawler  
  56  12:55  Baneling x2  
  47  12:59  Zergling x2  
  47  13:00  Zergling x10  
  50  13:08  Zergling x10  
  50  13:09  Queen, Zergling x2  
  48  13:30  Zergling x12  
  54  13:34  Baneling x2  
  54  13:35  Baneling x6  
  44  14:06  Drone x2  
  44  14:07  Drone x7  
  44  14:08  Drone x2  
  45  14:34  Zergling x14  
  45  14:35  Zergling x2  
  52  14:45  Zergling x10  
  43  15:03  Zergling x8  
  40  15:08  Baneling x2  
  40  15:09  Baneling  
  40  15:10  Drone x3  
  43  15:32  Spore Crawler, Overlord  
  43  15:33  Zergling x2  
  43  15:46  Spine Crawler  
Show
View Real Time Build Order
Export as new Build Order

Dembski Terran - Winner!

Build Orders: Hellion Banshee 

Get SALT Encoding   

  12  0:01  SCV  
  13  0:13  SCV  
  14  0:17  Supply Depot  
  14  0:25  SCV  
  15  0:39  SCV  
  15  0:40  Barracks  
  16  0:49  Refinery  
  16  0:51  SCV  
  17  1:03  SCV  
  18  1:06  Supply Depot  
  18  1:15  SCV  
  19  1:27  SCV  
  20  1:35  Reaper  
  21  1:41  Orbital Command  
  21  2:01  Command Center  
  21  2:07  Reaper  
  22  2:13  SCV  
  23  2:25  SCV  
  24  2:34  Factory  
  24  2:37  SCV  
  25  2:55  Barracks Reactor  
  25  2:57  SCV  
  26  3:03  Command Center  
  26  3:09  SCV  
  27  3:20  Orbital Command  
  27  3:21  SCV  
  28  3:41  Starport, Hellion x2  
  32  3:42  SCV  
  32  3:45  Refinery, SCV  
  34  3:49  Engineering Bay  
  34  3:50  Supply Depot  
  34  3:53  Barracks Tech Lab  
  34  3:54  SCV  
  35  4:02  Hellion x2  
  40  4:04  Orbital Command  
  34  4:10  SCV  
  35  4:24  Hellion x2  
  38  4:30  SCV  
  38  4:31  SCV  
  41  4:32  Orbital Command  
  41  4:35  Banshee  
  43  4:42  Terran Infantry Weapons Level 1  
  43  4:46  Barracks  
  34  4:55  Hellion x2  
  34  4:56  SCV x2  
  34  4:58  SCV  
  41  5:04  Marine  
  42  5:08  SCV x2  
  42  5:10  SCV  
  27  5:30  Banshee, Hellion x2  
  33  5:36  Marine x2  
  33  5:38  SCV x3  
  38  5:51  Hellion x2  
  42  6:03  Barracks Tech Lab, Barracks Reactor  
  42  6:06  Barracks  
  40  6:13  SCV x2, Hellion x2  
  40  6:17  Orbital Command  
  45  6:19  Banshee  
  48  6:34  Marine  
  48  6:35  SCV x2  
  48  6:36  Hellion x2  
  52  6:52  Marine x3, Bunker  
  55  6:56  SCV  
  56  7:10  SCV, Marine, Hellion x2  
  56  7:11  SCV  
  61  7:25  SCV x3  
  61  7:26  Banshee, Marine x2  
  64  7:37  SCV  
  64  7:40  Marine  
  64  7:41  SCV, Hellion  
  69  7:48  Marine  
  69  8:16  Terran Infantry Armor Level 1  
  69  8:18  Banshee, SCV x3, Marine x2  
  69  8:19  Barracks Tech Lab  
  77  8:22  Supply Depot  
  77  8:28  Marine, Hellion  
  77  8:38  SCV, Hellion  
  77  8:40  SCV x2  
  77  8:43  Marine x2  
  77  8:45  Marine  
  77  8:46  Missile Turret x2  
  77  8:48  Missile Turret x2  
  70  8:50  SCV  
  70  8:52  SCV x2  
  73  8:58  Refinery, Stimpack  
  73  8:59  Refinery  
  73  9:01  Marine x2  
  75  9:08  Combat Shields  
  75  9:09  SCV  
  76  9:12  Missile Turret  
  76  9:13  Missile Turret  
  76  9:15  Marine  
  76  9:16  Marine  
  78  9:19  Marine x2  
  78  9:30  Widow Mine x2  
  80  9:31  Banshee  
  80  9:32  Marine  
  75  9:52  Marine x4  
  70  9:54  SCV x3  
  66  10:06  SCV  
  67  10:07  Widow Mine x2  
  67  10:10  Marine x3  
  67  10:12  Marine  
  72  10:17  Barracks  
  72  10:18  Barracks  
  72  10:20  Barracks  
  72  10:26  SCV x2  
  72  10:27  Marine, Starport Reactor  
  72  10:28  Marine x2  
  78  10:30  Factory  
  78  10:31  Marine  
  78  10:38  SCV x2  
  80  10:45  Marine  
  80  10:48  Marine x3  
  84  10:51  Missile Turret  
  84  10:52  Refinery x2  
  84  10:53  Missile Turret x2  
  84  10:56  Orbital Command  
  84  11:00  SCV  
  85  11:06  Barracks Reactor  
  85  11:07  Armory, Barracks Reactor  
  85  11:22  Supply Depot  
  85  11:23  Supply Depot x2  
  85  11:24  SCV x2, Marine x2, Widow Mine x2  
  93  11:42  Marine x3  
  93  11:44  Medivac x2, Marine x2  
  98  11:56  Widow Mine x2  
  98  11:57  SCV x3  
  98  12:00  Marine x2  
  89  12:09  Marine  
  89  12:10  SCV x2, Marine x2  
  89  12:11  SCV  
  93  12:18  Marine x2  
  93  12:20  Medivac x2  
  99  12:22  SCV  
  99  12:23  SCV x2  
  99  12:25  Widow Mine  
  99  12:26  Widow Mine  
  99  12:27  Marine x3  
  103  12:34  SCV  
  103  12:35  Marine x2  
  104  12:38  Marine, Command Center  
  104  12:39  Marine x3  
  104  12:41  Terran Infantry Weapons Level 2  
  108  12:45  SCV x2, Marine x3  
  108  12:47  SCV  
  114  12:53  Marine x2  
  114  12:56  Marine  
  115  13:09  Marine  
  115  13:10  Marine  
  117  13:20  Widow Mine  
  117  13:21  Marine x2  
  117  13:23  SCV, Marine  
  117  13:34  Marine x5, Widow Mine  
  117  13:35  Supply Depot x2, SCV  
  117  13:36  Marine  
  117  13:37  Engineering Bay  
  117  13:41  SCV, Marine  
  125  13:49  Medivac x2, Marine x2  
  125  13:52  Marine x4  
  129  14:04  Marine x3, Widow Mine x2  
  129  14:06  SCV x3  
  129  14:07  Marine x2  
  141  14:10  Marine x2  
  141  14:14  Marine  
  141  14:15  Marine  
  143  14:18  SCV  
  143  14:19  Medivac  
  143  14:22  Marine x3  
  147  14:25  Marine x2  
  147  14:28  Marine x2  
  142  14:32  Marine  
  142  14:36  Marine, Widow Mine x2  
  142  14:37  Medivac  
  149  14:39  Marine  
  149  14:40  Refinery, Marine x2  
  149  14:42  Refinery  
  149  14:43  Missile Turret x2, Marine  
  148  14:45  Marine  
  148  14:46  Marine x2  
  148  14:47  SCV  
  148  14:50  Marine  
  149  14:54  Marine, Planetary Fortress  
  149  14:57  Marine  
  148  15:25  Marine  
  149  15:32  Barracks Tech Lab  
  149  15:33  Marine x7  
  156  15:40  Supply Depot x2, SCV x2  
Tags
 
Add a new tag
Caveats
  • Supply blocks, unpowered buildings, or Contaminate may cause inaccurate times.
  • Supply counts are checked every 10 seconds.